 Dungeon Crawl Stone Soup version 0.31-a0-256-g80acddb972 (webtiles) character file.

Game seed: 2455328097928952419

56013 GordonOverkill the Eclecticist (level 14, -38/105 HPs)
             Began as a Mummy Ice Elementalist on July 13, 2023.
             Was an Elder of Vehumet.
             Killed from afar by a fire dragon (60 damage)
             ... with a blast of flame
             ... on level 5 of the Lair of Beasts.
             The game lasted 00:49:51 (31986 turns).

GordonOverkill the Eclecticist (MuIE)              Turns: 31986, Time: 00:49:52

Health: -38/105    AC:  8    Str: 12    XL:     14   Next: 40%
Magic:  5/34       EV: 12    Int: 30    God:    Vehumet [****..]
Gold:   2068       SH:  5    Dex: 12    Spells: 27/45 levels left

rFire   . . .        H - +1 long sword of Midnight {venom, Contam Int+5}
rCold   + + .        (no shield)
rNeg    + + +        O - +2 robe {rC+}
rPois   ∞            C - +0 helmet of Inviolability {rElec Will+}
rElec   +            z - +0 cloak
rCorr   .            E - +0 pair of gloves
SInv    .            i - +0 pair of boots
Will    ++...        w - amulet of reflection
Stlth   ++           b - ring of fire
HPRegen 0.37/turn    q - ring "Ylumabuj" {rC+ Int+6}
MPRegen 0.24/turn

%: reflection, faith
@: no status effects
A: cold resistance 1, negative energy resistance 3, torment resistance 2, heat
vulnerability 1, in touch with death 2, no potions, faith
a: Renounce Religion


You were on level 5 of the Lair of Beasts.
You worshipped Vehumet.
Vehumet was greatly pleased with you.
You visited 3 branches of the dungeon, and saw 18 of its levels.

You collected 2068 gold pieces.

Inventory:

Hand Weapons
 l - a +3 short sword of draining
 H - the +1 long sword of Midnight (weapon) {venom, Contam Int+5}
   (You found it on level 2 of the Lair of Beasts)

   Int:       It affects your intelligence (+5).
   Contam:    It causes magical contamination when unequipped.
Missiles
 s - 2 throwing nets
Armour
 i - a +0 pair of boots (worn)
 p - a +0 buckler
 z - a +0 cloak (worn)
 C - the +0 helmet of Inviolability (worn) {rElec Will+}
   (You acquired it on level 4 of the Lair of Beasts)

   rElec:     It insulates you from electricity.
   Will:      It increases your willpower.
 E - a +0 pair of gloves (worn)
 G - the +2 hat "Faileuli" {rN+ rCorr Int+2 Dex-2}
   (You found it on level 1 of the Lair of Beasts)

   Int:       It affects your intelligence (+2).
   Dex:       It affects your dexterity (-2).
   rN:        It protects you from negative energy.
   rCorr:     It protects you from acid and corrosion.
 O - a +2 robe of cold resistance (worn)
Magical Staves
 e - a staff of conjuration
 t - a staff of cold
Jewellery
 a - a ring of see invisible
 b - a ring of fire (left hand)
 h - a ring of wizardry
 j - the ring "Ilozalu" {Contam rPois rF+ rN+ Str+3}
   (You found it on level 1 of the Lair of Beasts)

   [ring of protection from fire]

   Str:       It affects your strength (+3).
   rF:        It protects you from fire.
   rPois:     It protects you from poison.
   rN:        It protects you from negative energy.
   Contam:    It causes magical contamination when unequipped.
 q - the ring "Ylumabuj" (right hand) {rC+ Int+6}
   (You acquired it on level 9 of the Dungeon)

   [ring of intelligence]

   Int:       It affects your intelligence (+6).
   rC:        It protects you from cold.
 r - a ring of fire
 v - a ring of protection from cold
 w - an amulet of reflection (around neck)
 D - a ring of magical power
 I - a ring of flight
 K - an amulet of regeneration
Wands
 d - a wand of light (5)
 y - a wand of iceblast (15)
 A - a wand of charming (1)
 L - a wand of flame (12)
Scrolls
 c - 3 scrolls of fog
 f - a scroll of silence
 g - 5 scrolls of immolation
 k - 2 scrolls of blinking
 m - 6 scrolls of summoning
 n - 2 scrolls of vulnerability
 o - 4 scrolls of teleportation
 u - 3 scrolls of poison
 x - 2 scrolls of amnesia {unknown}
 B - a scroll of fear
 F - 4 scrolls of revelation {unknown}
 N - a scroll of brand weapon {unknown}
Miscellaneous
 J - a phantom mirror


   Skills:
 - Level 8.0 Fighting
 - Level 2.0(2.2) Short Blades
 - Level 1.4(2.0) Long Blades
 - Level 1.0 Staves
 - Level 3.0 Armour
 - Level 1.5 Dodging
 - Level 1.5 Stealth
 - Level 16.0 Spellcasting
 - Level 2.0 Summonings
 - Level 8.0 Ice Magic
 + Level 14.0 Air Magic
 - Level 5.0 Evocations


You had 27 spell levels left.
You knew the following spells:

 Your Spells              Type           Power      Damage    Failure   Level
a - Freeze                Ice            100%       1d10      1%          1
b - Frozen Ramparts       Ice            100%       1d16      1%          3
c - Ozocubu's Armour      Ice            64%        N/A       1%          3
d - Summon Ice Beast      Ice/Summ       52%        N/A       2%          4
e - Airstrike             Air            41%        2d(6-22)  1%          4
f - Swiftness             Air            83%        N/A       1%          3

Your spell library contained the following spells:

 Spells                   Type           Power      Damage    Failure   Level
 Iskenderun's Mystic Bla  Conj/Tloc      24%        2d7       5%          4
 Shock                    Conj/Air       100%       1d9       1%          1
 Static Discharge         Conj/Air       100%       2-7/arc   1%          2
 Hailstorm                Conj/Ice       48%        3d11      1%          3
 Ignite Poison            Fire/Tmut/Pois 36%        N/A       1%          3
 Summon Lightning Spire   Summ/Air       64%        N/A       1%          4
 Sticky Flame             Conj/Fire      36%        2d6       5%          4
 Anguish                  Hex/Necr       26%        N/A       19%         4
 Cause Fear               Hex            12%        N/A       19%         4
 Enfeeble                 Hex            12%        N/A       100%        7
 Ignition                 Fire           18%        3d7       100%        8


Dungeon Overview and Level Annotations

Branches:
Dungeon (12/15)            Temple (1/1) D:6            Lair (5/5) D:8
 Shoals (0/4) Lair:2       Spider (0/4) Lair:2        Slime (0/5) Lair:4
    Orc: D:9-12

Altars:
Ashenzari
Dithmenos
Gozag
Hepliaklqana
Kikubaaqudgha
Nemelex Xobeh
Okawaru
Qazlal
Ru
Sif Muna
Uskayaw
Vehumet
Wu Jian
Xom
Yredelemnul

Annotations:
D:8 2 transporters, Voker57's ghost, novice MfSh


Innate Abilities, Weirdness & Mutations

You are immune to poison.
Your flesh is cold resistant. (rC+)
You are immune to negative energy. (rN+++)
You are immune to unholy pain and torment.
You are vulnerable to heat. (rF-)
You are strongly in touch with the powers of death.
You do not drink.
You have a special connection with the divine. (Faith)


Message History

The air twists around and strikes the fire dragon!
The fire dragon is heavily wounded.
Casting: Airstrike (safe; 1% risk of failure)
Confirm with . or Enter, or press ? or * to list all spells.
Aiming: Airstrike (safe; 1% risk of failure)
Press: ? - help, Dir - move target, f/p - fire dragon
Aim: a fire dragon (heavily wounded, empty space bonus: 8/8)
The air twists around and strikes the fire dragon!!
The fire dragon is severely wounded.
The fire dragon breathes flames at you. The blast of flame hits you!!
* * * LOW HITPOINT WARNING * * *
Casting: Airstrike (safe; 1% risk of failure)
Confirm with . or Enter, or press ? or * to list all spells.
Aiming: Airstrike (safe; 1% risk of failure)
Press: ? - help, Dir - move target, f/p - fire dragon
Aim: a fire dragon (water, severely wounded, empty space bonus: 6/8)
The air twists around and strikes the fire dragon!
The fire dragon is almost dead.
The fire dragon breathes flames at you. The blast of flame hits you!!
* * * LOW HITPOINT WARNING * * *
Casting: Airstrike (safe; 1% risk of failure)
Confirm with . or Enter, or press ? or * to list all spells.
Aiming: Airstrike (safe; 1% risk of failure)
Press: ? - help, Dir - move target, f/p - fire dragon
Aim: a fire dragon (steam, water, severely wounded, catching its breath, empty space bonus: 7/8)
The air twists around and strikes the fire dragon.
The fire dragon is almost dead.
Casting: Airstrike (safe; 1% risk of failure)
Confirm with . or Enter, or press ? or * to list all spells.
Aiming: Airstrike (safe; 1% risk of failure)
Press: ? - help, Dir - move target, f/p - fire dragon
Aim: a fire dragon (almost dead, empty space bonus: 7/8)
The air twists around and strikes the fire dragon!
The fire dragon is almost dead.
The fire dragon breathes flames at you. The blast of flame hits you!!!
Ouch! That really hurt!
You die...

♣♣♣♣♣♣♣♣♣
♣♣.~♣.♣.♣♣♣♣
~~.≈.♣.....♣♣
♣~♣♣†÷.♣♣...♣♣♣
♣♣♣♣♣≈~.♣P.♣..♣♣
♣.≈♣♣~~.P....♣♣
.....
♣♣≈.~.~...♣
♣..♣♣
♣≈..~≈~..♣♣ ♣.♣
..≈~.♣♣♣.~P@♣♣♣
♣♣ ♣≈~.♣♣
♣♣~~.§§♣ .≈.P♣♣
♣♣~D~§♣♣ ♣~♣♣
♣♣§§~~♣ ~♣
♣♣≈≈~♣ ♣≈~.♣
~...♣ ≈~P.♣♣
≈...♣♣


You could see a fire dragon (catching breath).

Vanquished Creatures
  Nessos (Lair:3)
  4 hydras
  2 catoblepae
  Fannar (Lair:3)
  3 two-headed ogres
  A boulder beetle (Lair:1)
  7 death yaks
  Sonja (D:11)
  4 skysharks
  A lindwurm (Lair:5)
  Pikel (D:7)
  A cyclops (D:6)
  A manticore (Lair:5)
  9 elephants
  Joseph (D:9)
  A merfolk siren (Lair:2)
  Maurice (D:9)
  5 black mambas
  22 cane toads
  13 komodo dragons
  8 rime drakes
  6 trolls
  3 polar bears
  A tarantella (Lair:1)
  18 blink frogs
  A jumping spider (Lair:1)
  2 slime creatures (Lair:4)
  6 wyverns
  2 wraiths (D:11)
  3 basilisks
  33 yaks
  A redback (Lair:1)
  3 steam dragons
  6 vampire mosquitoes
  Grum (D:11)
  An acid dragon (Lair:5)
  22 water moccasins
  8 ice beasts
  3 orc warriors
  A swamp drake (Lair:5)
  A sky beast (D:6)
  2 black bears (D:6)
  4 ogres
  17 wolves
  A phantom (D:6)
  A lemure (D:8)
  A kobold brigand (D:8)
  10 bullfrogs
  3 scorpions
  2 gnoll sergeants
  19 wights
  6 killer bees (D:9)
  3 electric eels (Lair:1)
  3 howler monkeys (D:8)
  7 lava snakes (Lair:1)
  2 hounds (D:6)
  3 jellies
  A gnoll bouda (D:9)
  3 orc priests
  3 iguanas
  Terence (D:3)
  Natasha (thrice) (D:3)
  8 orc wizards
  A sleepcap (D:8)
  4 hell rats (Lair:3)
  Robin (D:2)
  16 gnolls
  6 adders
  A river rat (D:6)
  2 shadow imps
  A white imp (D:7)
  An ufetubus (D:5)
  3 worms
  2 dart slugs
  22 orcs
  8 endoplasms
  7 giant cockroaches
  19 goblins
  11 hobgoblins
  5 jackals
  13 kobolds
  7 quokkas
  5 ball pythons
  8 bats
  3 frilled lizards
  27 rats
486 creatures vanquished.

Vanquished Creatures (collateral kills)
  A lindwurm (Lair:1)
1 creature vanquished.

Vanquished Creatures (others)
  An elephant (Lair:5)
  An orc wizard (D:9)
2 creatures vanquished.

Grand Total: 489 creatures vanquished

Notes
Turn   | Place    | Note
-------+----------+-------------------------------------------
     0 | D:1      | GordonOverkill the Mummy Ice Elementalist began the quest
                  | for the Orb.
     0 | D:1      | Reached XP level 1. HP: 13/13 MP: 4/4
    87 | D:1      | Reached skill level 3 in Spellcasting
   318 | D:1      | Reached XP level 2. HP: 10/19 MP: 0/6
  1398 | D:1      | Gained mutation: You are in touch with the powers of death.
                  | [Mummy growth]
  1398 | D:1      | Reached XP level 3. HP: 17/24 MP: 5/8
  1623 | D:2      | Learned a level 3 spell: Frozen Ramparts
  1627 | D:2      | Learned a level 3 spell: Ozocubu's Armour
  2121 | D:2      | Reached skill level 4 in Spellcasting
  2635 | D:3      | Noticed Natasha
  2639 | D:3      | Killed Natasha
  2640 | D:3      | Reached XP level 4. HP: 30/30 MP: 3/10
  2694 | D:3      | Noticed Robin
  3076 | D:2      | Killed Robin
  3077 | D:2      | Reached skill level 1 in Short Blades
  3530 | D:3      | Reached XP level 5. HP: 35/35 MP: 7/11
  3654 | D:3      | Noticed Natasha
  3662 | D:3      | Killed Natasha
  3906 | D:3      | Noticed Terence
  3924 | D:3      | Killed Terence
  3925 | D:3      | Reached skill level 5 in Spellcasting
  4014 | D:3      | Noticed Natasha
  4028 | D:3      | Killed Natasha
  4054 | D:3      | Reached skill level 1 in Evocations
  4054 | D:3      | Reached XP level 6. HP: 27/41 MP: 3/13
  4317 | D:4      | Learned a level 4 spell: Summon Ice Beast
  4868 | D:4      | Reached skill level 1 in Summonings
  4868 | D:4      | Reached skill level 5 in Ice Magic
  5153 | D:4      | Reached XP level 7. HP: 23/47 MP: 0/14
  5299 | D:4      | Found a sparkling altar of Nemelex Xobeh.
  5569 | D:5      | Entered Level 5 of the Dungeon
  5582 | D:5      | Reached skill level 1 in Fighting
  5838 | D:5      | Reached skill level 6 in Spellcasting
  6202 | D:5      | Reached XP level 8. HP: 24/56 MP: 10/18
  6688 | D:6      | Found a staircase to the Ecumenical Temple.
  6701 | D:6      | Reached skill level 7 in Spellcasting
  6711 | D:6      | Reached skill level 1 in Air Magic
  6769 | Temple   | Entered the Ecumenical Temple
  6788 | Temple   | Became a worshipper of Vehumet
  6830 | D:6      | Noticed a two-headed ogre
  6844 | D:6      | Killed a two-headed ogre
  6845 | D:6      | Reached skill level 8 in Spellcasting
  6850 | D:6      | Learned a level 4 spell: Airstrike
  6854 | D:6      | Learned a level 3 spell: Swiftness
  7293 | D:6      | Reached XP level 9. HP: 61/61 MP: 8/21
  7380 | D:6      | Reached skill level 5 in Air Magic
  7779 | D:6      | Found a shadowy altar of Dithmenos.
  7901 | D:6      | Reached * piety under Vehumet
  7901 | D:6      | Offered knowledge of Kiss of Death by Vehumet.
  8172 | D:6      | Noticed a troll
  8176 | D:6      | Killed a troll
  8273 | D:6      | Noticed a cyclops
  8279 | D:6      | Killed a cyclops
  8513 | D:7      | Identified the +2 plate armour of the Alphagorgon {rElec}
  9053 | D:7      | Found an ornate altar of the Wu Jian Council.
  9120 | D:7      | Reached skill level 9 in Spellcasting
  9513 | D:8      | Offered knowledge of Sandblast by Vehumet.
  9514 | D:8      | Reached XP level 10. HP: 71/71 MP: 3/23
  9631 | D:8      | Reached ** piety under Vehumet
  9994 | D:8      | Found a staircase to the Lair.
 10671 | D:8      | Found a broken altar of Ashenzari.
 10674 | D:8      | Found a hazy altar of Hepliaklqana.
 10735 | D:8      | Reached skill level 5 in Fighting
 10911 | D:8      | Found a basalt altar of Yredelemnul.
 10948 | D:8      | Noticed Pikel
 11158 | D:7      | Killed Pikel
 11159 | D:7      | Reached skill level 10 in Spellcasting
 11213 | D:8      | Found a shimmering altar of Xom.
 11220 | D:8      | Found a sacrificial altar of Ru.
 11252 | D:8      | Found a transporter.
 11254 | D:8      | Found an ancient bone altar of Kikubaaqudgha.
 11258 | D:8      | Noticed a moth of wrath
 11266 | D:8      | Found a transporter.
 11290 | D:8      | Noticed Voker57's ghost (novice MfSh)
 11343 | D:8      | Noticed a two-headed ogre
 11350 | D:8      | Killed a two-headed ogre
 11553 | D:8      | Found an opulent altar of Gozag.
 11620 | D:8      | Found a hide-covered altar of Uskayaw.
 11919 | D:9      | Identified a scroll of acquirement
 11920 | D:9      | Acquired the ring "Ylumabuj" {rC+ Int+6}
 11930 | D:9      | Offered knowledge of Dazzling Flash by Vehumet.
 12268 | D:9      | Reached XP level 11. HP: 80/80 MP: 13/25
 12270 | D:9      | Reached *** piety under Vehumet
 12399 | D:9      | Noticed Maurice
 12403 | D:9      | Killed Maurice
 12946 | D:9      | Noticed Joseph
 13054 | D:9      | Killed Joseph
 13385 | D:9      | Offered knowledge of Inner Flame by Vehumet.
 14190 | D:10     | Entered Level 10 of the Dungeon
 14251 | D:10     | Found a shimmering blue altar of Sif Muna.
 14461 | D:10     | Found the +5 robe of Misfortune {Harm *Corrode *Slow EV+5}
 15174 | D:10     | Reached skill level 1 in Armour
 15623 | D:11     | Noticed Grum
 15630 | D:11     | Killed Grum
 15633 | D:11     | Reached skill level 11 in Spellcasting
 16199 | D:11     | Noticed Sonja
 16202 | D:11     | Killed Sonja
 16456 | D:11     | Found a transporter.
 16459 | D:11     | Found a transporter.
 16461 | D:11     | Found a transporter.
 16553 | D:11     | Found a transporter.
 17163 | D:12     | Noticed a two-headed ogre
 17167 | D:12     | Killed a two-headed ogre
 17414 | D:12     | Acquired 934 gold pieces
 17457 | D:12     | Noticed a boulder beetle
 17816 | Lair:1   | Entered Level 1 of the Lair of Beasts
 17816 | Lair:1   | You fall into a shaft and drop 1 floor!
 17816 | Lair:2   | Noticed a skyshark
 17823 | Lair:2   | Killed a skyshark
 17949 | Lair:1   | Reached **** piety under Vehumet
 18107 | Lair:1   | Offered knowledge of Mephitic Cloud by Vehumet.
 18108 | Lair:1   | Reached skill level 12 in Spellcasting
 18129 | Lair:1   | Reached XP level 12. HP: 66/88 MP: 7/28
 18573 | Lair:1   | Reached skill level 10 in Air Magic
 19058 | Lair:1   | Found a runed translucent door.
 20353 | Lair:1   | Found a runed translucent gate.
 20354 | Lair:1   | Found a runed translucent gate.
 20354 | Lair:1   | Identified the +2 hat "Faileuli" {rN+ rCorr Int+2 Dex-2}
 20367 | Lair:1   | Found a runed translucent gate.
 20367 | Lair:1   | Found a runed translucent gate.
 20367 | Lair:1   | Found a runed translucent gate.
 20367 | Lair:1   | Noticed a boulder beetle
 20368 | Lair:1   | Found a runed translucent gate.
 20408 | Lair:1   | Killed a boulder beetle
 20615 | Lair:1   | Identified the ring "Ilozalu" {Contam rPois rF+ rN+ Str+3}
 20696 | Lair:2   | Reached ***** piety under Vehumet
 20812 | Lair:2   | Offered knowledge of Sticky Flame by Vehumet.
 20858 | Lair:2   | Reached skill level 5 in Evocations
 21024 | Lair:2   | Found a hole to the Spider Nest.
 21043 | Lair:2   | Reached skill level 13 in Spellcasting
 21592 | Lair:2   | Found a staircase to the Shoals.
 21898 | Lair:2   | Identified the +1 long sword of Midnight {venom, Contam
                  | Int+5}
 22266 | Lair:3   | Reached skill level 1 in Long Blades
 22266 | Lair:3   | Reached skill level 1 in Staves
 22370 | Lair:3   | Noticed a five-headed hydra
 22396 | Lair:3   | Gained mutation: You are strongly in touch with the powers
                  | of death. [Mummy growth]
 22396 | Lair:3   | Reached XP level 13. HP: 74/96 MP: 15/30
 22597 | Lair:3   | Reached skill level 14 in Spellcasting
 22883 | Lair:3   | Noticed Nessos
 22891 | Lair:3   | Killed Nessos
 24845 | Lair:3   | Noticed Fannar
 24848 | Lair:3   | Killed Fannar
 26226 | Lair:3   | Reached skill level 15 in Spellcasting
 26853 | Lair:4   | Acquired the +0 helmet of Inviolability {rElec Will+}
 27236 | Lair:4   | Offered knowledge of Iskenderun's Mystic Blast by Vehumet.
 28174 | Lair:4   | Found a staircase to the Slime Pits.
 28570 | Lair:5   | Entered Level 5 of the Lair of Beasts
 28903 | Lair:4   | Reached XP level 14. HP: 81/105 MP: 6/33
 30040 | Lair:5   | Reached skill level 16 in Spellcasting
 31986 | Lair:5   | Killed from afar by a fire dragon

Illustrated notes

Levels and vault maps discovered:
D:1:      lemuel_arrival_funnel, layout_loops_ring, minmay_misc_feat_rugged,
          corexii_item_surrounded_by_moat, st_stairs_8, minmay_hexomino_p4
D:2:      layout_loops_ring
D:3:      layout_basic, serial_bayou, serial_bayou_pond_d, serial_bayou_pond_e,
          serial_bayou_shore_b, serial_bayou_pond_b, minmay_rat_hole,
          uniq_natasha, uniq_robin, uniq_terence
D:4:      layout_loops_ring, nicolae_tso_carved_into_rock, marbit_many_paths,
          roderic_serpentine_path
D:5:      layout_basic
D:6:      minmay_chambers_of_sixes, layout_loops_cross,
          mainiacjoe_overflow_alcove_2, minmay_temple_entry_slanted,
          gup_sewer_entry_spiral, serial_glass, glass_columns_c, glass_columns_c
D:7:      layout_cave_pools, nicolae_wu_jian_wuxing_cycle
D:8:      layout_rooms, yredelemnul_altar_generic,
          nicolae_overflow_quartered_altars, lemuel_crystal_altar,
          gammafunk_temple_overflow_claw, hellmonk_lair_entry_icy,
          gammafunk_ghost_berserking_beasts, grunt_ministairs_5, uniq_pikel
D:9:      layout_irregular_city, uniq_maurice, uniq_joseph
D:10:     layout_irregular_city, mainiacjoe_overflow_catwalk
D:11:     layout_loops_ring, nicolae_diode_quadrants, uniq_sonja, uniq_grum
D:12:     layout_irregular_city, orc_david_3, nicolae_dithmenos_shadow_blocks
Temple:   nicolae_temple_superstar
Lair:1:   gammafunk_indiana_jones, layout_gridlike,
          chequers_serial_rivers_small_a, nicolae_lair_liquid_snakes,
          serial_bayou_shore_b, lemuel_fruit_fields
Lair:2:   layout_big_grid, elwin_shoals_entry_rooms, dummy_spider_entry,
          lemuel_old_faithful, serial_bayou_shore_b, grunt_megastairs_5
Lair:3:   nzn_winding_woodlands_medium [nzn_winding_woodlands_5x5_cross,
          nzn_winding_woodlands_5x15_garden,
          nzn_winding_woodlands_5x5_perimeter, nzn_winding_woodlands_hourglass,
          nzn_winding_woodlands_center_garden,
          nzn_winding_woodlands_5x5_open_star,
          nzn_winding_woodlands_5x5_default,
          nzn_winding_woodlands_5x15_longhouse,
          nzn_winding_woodlands_5x5_checkerboard], layout_gridlike, st_stairs_6,
          uniq_nessos, uniq_fannar
Lair:4:   layout_regular_city, minmay_slime_entry_pillars,
          nicolae_lair_lil_pond, nicolae_lair_yak_garden
Lair:5:   hangedman_lair_in_review, layout_long_grid, guppyfry_lair_end_dragon,
          lemuel_fruit_tree

Skill      XL: |  1  2  3  4  5  6  7  8  9 10 11 12 13 14 |
---------------+-------------------------------------------+-----
Spellcasting   | 3 4 5 6 8 9 10 12 13 15 16 | 16.0
Ice Magic      | 4 5 6 8 |  8.0
Short Blades   | 1 2 |  2.0
Evocations     | 1 2 4 5 |  5.0
Summonings     | 2 |  2.0
Fighting       | 2 4 5 6 7 8 |  8.0
Air Magic      | 4 6 8 9 11 12 14 | 14.0
Armour         | 3 |  3.0
Long Blades    | 1 |  1.4
Staves         | 1 |  1.0
Dodging        | |  1.5
Stealth        | |  1.5

Action                     |  1- 3 |  4- 6 |  7- 9 | 10-12 | 13-15 || total
---------------------------+-------+-------+-------+-------+-------++-------
  Melee: Unarmed           |     2 |       |       |       |       ||     2
         Dagger            |    14 |       |       |       |       ||    14
         Short sword       |     1 |    39 |    17 |       |       ||    57
         Staff             |       |       |    11 |    52 |       ||    63
         Long sword        |       |       |       |     3 |    23 ||    26
         Punch             |       |       |       |     1 |     1 ||     2
   Cast: Freeze            |    65 |    79 |    57 |    95 |    54 ||   350
         Frozen Ramparts   |     3 |    21 |    20 |    22 |    14 ||    80
         Ozocubu's Armour  |       |     4 |     8 |    20 |     9 ||    41
         Summon Ice Beast  |       |       |     1 |       |       ||     1
         Airstrike         |       |       |    41 |   280 |   328 ||   649
         Swiftness         |       |       |       |     1 |     2 ||     3
  Evoke: Wand              |       |       |     5 |     8 |     3 ||    16
    Use: Scroll            |     5 |       |     3 |    11 |     1 ||    20
   Stab: Distracted        |       |       |     1 |       |       ||     1
         Invisible         |       |       |       |     1 |       ||     1
 Armour: Robe              |    38 |    41 |    15 |    13 |    32 ||   139
         Leather armour    |       |       |       |    66 |    19 ||    85
  Dodge: Dodged            |    77 |    85 |    62 |   108 |    72 ||   404
  Block: Other             |       |       |       |    37 |    39 ||    76
         Reflection        |       |       |       |     4 |       ||     4

Table legend: (Time is in decaauts)
 A = Elapsed time spent in this place.
 B = Non-inter-level travel time spent in this place.
 C = Inter-level travel time spent in this place.
 D = Time resting spent in this place.
 E = Time spent auto-exploring this place.
 F = Levels seen in this place.
 G = Mean time per level.
                   A        B        C        D        E       F      G
               +--------+--------+--------+--------+--------+-----+--------+
         Total |  32126 |  30673 |   1453 |  15627 |  10949 |  18 | 1784.8 |
       Dungeon |  17842 |  16819 |   1023 |   7382 |   7059 |  12 | 1486.8 |
        Temple |     37 |     20 |     17 |      0 |      8 |   1 |   37.0 |
          Lair |  14246 |  13833 |    413 |   8245 |   3882 |   5 | 2849.2 |
               +--------+--------+--------+--------+--------+-----+--------+

Top non-repeatable levels by time:
  Lair:3: 4356 daAuts
  Lair:1: 2758 daAuts
  Lair:4: 2479 daAuts
  Lair:2: 2401 daAuts
  Lair:5: 2250 daAuts
     D:9: 2109 daAuts
     D:8: 2050 daAuts
    D:11: 1964 daAuts
     D:6: 1728 daAuts
     D:2: 1660 daAuts
     D:7: 1599 daAuts
     D:1: 1389 daAuts
    D:10: 1295 daAuts
     D:3: 1280 daAuts
     D:4: 1243 daAuts
